 Dungeon Crawl Stone Soup version 0.28.0 (webtiles) character file.

Game seed: 396158397197074784

3089 hikkokomori the Firebug (level 9, -11/52 HPs)
             Began as a Gargoyle Fire Elementalist on Feb 14, 2022.
             Was an Elder of Vehumet.
             Killed from afar by Erica (28 damage)
             ... with a bolt of acid
             ... on level 8 of the Dungeon.
             The game lasted 00:18:14 (10574 turns).

hikkokomori the Firebug (GrFE)                     Turns: 10574, Time: 00:18:17

Health: -11/52     AC: 11    Str: 19    XL:     9   Next: 89%
Magic:  13/24      EV: 13    Int: 17    God:    Vehumet [****..]
Gold:   453        SH:  0    Dex: 10    Spells: 9/16 levels left

rFire   . . .      SeeInvis .   y - +6 broad axe (vorpal)
rCold   . . .      Faith    .   (no shield)
rNeg    + . .      Spirit   .   a - +0 robe
rPois   ∞          Reflect  .   k - +0 helmet
rElec   +          Harm     .   (no cloak)
rCorr   .          Rampage  .   s - +1 pair of gloves of the Crushed Dances {Will+ Str+4}
Will    +....                   (no boots)
Stlth   +++.......              (no amulet)
HPRegen 0.17/turn               g - +4 ring of protection
MPRegen 0.19/turn               m - ring of magical power

@: corroded
A: sickness immunity, AC +6, negative energy resistance 1, electricity
resistance, torment resistance 1, petrification resistance
a: Renounce Religion


You were on level 8 of the Dungeon.
You worshipped Vehumet.
Vehumet was greatly pleased with you.
You visited 2 branches of the dungeon, and saw 9 of its levels.
You also visited: Ossuary.

You collected 453 gold pieces.

Inventory:

Hand Weapons
 c - a +0 club
 y - a +6 vorpal broad axe (weapon)
Missiles
 G - 5 poisoned darts
Armour
 a - a +0 robe (worn)
 k - a +0 helmet (worn)
 s - the +1 pair of gloves of the Crushed Dances (worn) {Will+ Str+4}
   (You found it on level 3 of the Dungeon)

   Str:       It affects your strength (+4).
   Will:      It increases your willpower.
 z - a +2 robe of positive energy
Jewellery
 g - a +4 ring of protection (left hand)
 i - a ring of resist corrosion
 m - a ring of magical power (right hand)
 u - a +6 ring of intelligence
Wands
 E - a wand of flame (27)
Scrolls
 d - 2 scrolls of teleportation
 f - a scroll of fear {unknown}
 h - 2 scrolls of magic mapping
 n - a scroll of holy word {unknown}
 p - 2 scrolls of enchant armour
 q - a scroll of enchant weapon {unknown}
 r - a scroll of amnesia {unknown}
 v - a scroll of brand weapon {unknown}
 x - a scroll of silence {unknown}
 A - a scroll of identify
 B - a scroll of blinking {unknown}
Potions
 b - 2 potions of degeneration {unknown}
 e - 4 potions of heal wounds {unknown}
 j - 2 potions of curing {unknown}
 l - 3 potions of haste
 o - a potion of resistance {unknown}
 t - 2 potions of might
 w - a potion of brilliance {unknown}
 C - a potion of lignification {unknown}
 D - 3 potions of attraction {unknown}
 F - a potion of flight {unknown}


   Skills:
 + Level 4.1 Fighting
 + Level 3.3 Axes
 + Level 5.2 Dodging
 - Level 6.0 Stealth
 - Level 4.4 Spellcasting
 + Level 6.6 Conjurations
 + Level 6.7 Fire Magic


You had 9 spell levels left.
You knew the following spells:

 Your Spells              Type           Power      Damage    Failure   Level
a - Foxfire               Conj/Fire      100%       2x1d9     1%          1
b - Scorch                Fire           52%        2d8       1%          2
c - Flame Wave            Conj/Fire      26%        2d7       2%          4

Your spell library contained the following spells:

 Spells                   Type           Power      Damage    Failure   Level
 Ignite Poison            Fire/Tmut/Pois 11%        N/A       5%          3
 Conjure Flame            Conj/Fire      26%        6-21      1%          3
 Inner Flame              Hex/Fire       15%        N/A       3%          3
 Frozen Ramparts          Ice            6%         1d2       12%         3
 Animate Skeleton         Necr           6%         N/A       16%         1
 Apportation              Tloc           6%         N/A       16%         1
 Pain                     Necr           12%        1d4       16%         1
 Summon Small Mammal      Summ           12%        N/A       16%         1
 Confusing Touch          Hex            3%         N/A       41%         3
 Yara's Violent Unravell  Hex/Tmut       1%         3d3       67%         5
 Ice Form                 Ice/Tmut       3%         N/A       83%         4
 Summon Ice Beast         Ice/Summ       3%         N/A       83%         4
 Agony                    Necr           3%         N/A       99%         5
 Excruciating Wounds      Necr           1%         N/A       99%         5
 Enfeeble                 Hex            1%         N/A       100%        7


Dungeon Overview and Level Annotations

Branches:
Dungeon (8/15)             Temple (1/1) D:4         Ossuary (visited)
   Lair: D:8-11

Altars:
Ashenzari
Cheibriados
Dithmenos
Elyvilon
Fedhas
Gozag
Hepliaklqana
Kikubaaqudgha
Makhleb
Qazlal
Ru
Uskayaw
Vehumet
Wu Jian
Xom
Yredelemnul
Zin
The Shining One

Annotations:
D:5 2 transporters
D:8 Erica


Innate Abilities, Weirdness & Mutations

You are immune to sickness and miasma.
Your stone body is resilient. (AC +6)
You are immune to poison.
You resist negative energy. (rN+)
You are resistant to electric shocks. (rElec)
You are resistant to unholy torment.
You are immune to petrification.


Message History

Unknown command.
Casting: Scorch (safe; 1% risk of failure)
Confirm with . or Enter, or press ? or * to list all spells.
Okay, then.
Press: ? - help, v - describe, . - travel The floor.
Casting: Scorch (safe; 1% risk of failure)
Confirm with . or Enter, or press ? or * to list all spells.
Flames lash Erica.
Erica is moderately wounded.
Erica's fire resistance burns away.
Erica hits you with a +4 scimitar of flaming!
Erica burns you.
Casting: Scorch (safe; 1% risk of failure)
Confirm with . or Enter, or press ? or * to list all spells.
Flames lash Erica but do no damage.
Erica points at you and mumbles some strange words.
You resist with almost no effort.
Casting: Scorch (safe; 1% risk of failure)
Confirm with . or Enter, or press ? or * to list all spells.
Flames lash Erica.
Erica is burned terribly!
Erica is heavily wounded.
Erica closely misses you.
Casting: Scorch (safe; 1% risk of failure)
Confirm with . or Enter, or press ? or * to list all spells.
Flames lash Erica.
Erica is burned terribly!
Erica is severely wounded.
Erica closely misses you.
Casting: Scorch (safe; 1% risk of failure)
Confirm with . or Enter, or press ? or * to list all spells.
Flames lash Erica.
Erica is burned terribly!
Erica is severely wounded.
Erica zaps a wand.
The bolt of acid hits you!! The acid corrodes you!
Casting: Scorch (safe; 1% risk of failure)
Confirm with . or Enter, or press ? or * to list all spells.
Flames lash Erica.
Erica is burned terribly!
Erica is almost dead.
Erica zaps a wand.
The bolt of acid hits you!!
Ouch! That really hurt!
You die...

##.##.# #.# #..
#.##.# #.# ##.#
#.##.#####.####
###.##
#.##..........#
#.....
#.########.####
###.##
#........#.#
#.##
########.#.#
#... #.#.#####
#.## #.#...@.#
#######.##
#.#####@#
.........# #.#
.# #######..#
#.# .# #..# #.#
.# #... #.# .#
#..# #.# .#
###..# #.# .#
#..... #)#
#.#..#


You could see Erica (combustible).

Vanquished Creatures
  A wyvern (D:7)
  A wraith (D:5)
  A water moccasin (D:6)
  An orc warrior (D:5)
  3 necrophages
  3 black bears
  A hornet zombie (D:5)
  A phantom (D:6)
  3 centaurs
  Blork the orc (D:5)
  4 scorpions
  A gnoll sergeant (D:8)
  2 water moccasin zombies (D:5)
  A water moccasin skeleton (D:7)
  4 wights (D:8)
  2 centaur zombies
  A crimson imp (D:7)
  A human zombie (D:5)
  4 bullfrog zombies (D:5)
  3 jellies
  An orc priest (D:8)
  2 gnoll shamans
  2 hounds
  Jessica (D:3)
  An iguana (D:7)
  3 orc wizards
  3 killer bee zombies
  2 mummies
  A howler monkey zombie (D:5)
  7 adders
  7 gnolls
  A shadow imp (D:6)
  A white imp (D:6)
  An adder zombie (D:5)
  3 worms
  3 dart slugs
  13 orcs
  3 spectral bats (Ossuary)
  8 ball pythons
  6 endoplasms
  2 giant cockroaches
  12 gnoll zombies (Ossuary)
  8 goblins
  6 hobgoblins
  4 quokkas
  6 bats
  3 bat simulacra (Ossuary)
  3 frilled lizards
  6 goblin simulacra (Ossuary)
  3 goblin zombies
  6 hobgoblin zombies (Ossuary)
  6 kobolds
  A kobold simulacrum (Ossuary)
  4 kobold zombies (Ossuary)
  6 orc zombies (Ossuary)
  A quokka zombie (D:6)
  4 rats
  A rat simulacrum (Ossuary)
  4 spectral goblins (Ossuary)
  4 spectral kobolds (Ossuary)
  4 spectral rats (Ossuary)
202 creatures vanquished.

Vanquished Creatures (others)
  76 foxfires
76 creatures vanquished.

Grand Total: 278 creatures vanquished

Notes
Turn   | Place    | Note
-------+----------+-------------------------------------------
     0 | D:1      | hikkokomori the Gargoyle Fire Elementalist began the quest
                  | for the Orb.
     0 | D:1      | Reached XP level 1. HP: 10/10 MP: 3/3
   566 | D:1      | Reached XP level 2. HP: 9/15 MP: 5/5
  1083 | D:1      | Found a faded altar of an unknown god.
  1977 | D:1      | Reached XP level 3. HP: 14/19 MP: 6/6
  2697 | D:2      | Reached XP level 4. HP: 24/24 MP: 7/7
  3355 | D:3      | Found an ornate altar of the Wu Jian Council.
  3660 | D:3      | Found an opulent altar of Gozag.
  3998 | D:3      | Identified the +1 pair of gloves of the Crushed Dances
                  | {Will+ Str+4}
  4245 | D:3      | Noticed Jessica
  4251 | D:3      | Killed Jessica
  4252 | D:3      | Reached XP level 5. HP: 28/28 MP: 9/9
  4866 | D:4      | Noticed a black bear
  4871 | D:4      | Learned a level 2 spell: Scorch
  4886 | D:4      | Killed a black bear
  4887 | D:4      | Reached XP level 6. HP: 32/32 MP: 10/10
  5016 | D:4      | Found a staircase to the Ecumenical Temple.
  5036 | Temple   | Entered the Ecumenical Temple
  5122 | Temple   | Became a worshipper of Vehumet
  5683 | D:5      | Entered Level 5 of the Dungeon
  5748 | D:5      | Noticed an orc warrior
  5922 | D:5      | Found a transporter.
  6084 | D:5      | Reached XP level 7. HP: 11/36 MP: 10/12
  6420 | D:5      | Found a basalt altar of Yredelemnul.
  6864 | D:5      | Reached skill level 5 in Stealth
  6868 | D:5      | Reached XP level 8. HP: 41/41 MP: 8/14
  6955 | D:5      | Reached skill level 5 in Fire Magic
  7057 | D:5      | Found a transporter.
  7462 | D:5      | Noticed Blork the orc
  7466 | D:5      | Killed Blork the orc
  7519 | D:5      | Noticed a wraith
  7528 | D:5      | Killed a wraith
  7529 | D:5      | Reached skill level 5 in Conjurations
  7631 | D:5      | Reached skill level 1 in Fighting
  7819 | D:6      | Reached skill level 1 in Axes
  7867 | D:6      | Found a broken altar of Ashenzari.
  7908 | D:6      | Reached * piety under Vehumet
  7908 | D:6      | Offered knowledge of Magic Dart by Vehumet.
  7952 | D:6      | Found a stormy altar of Qazlal.
  7986 | D:6      | Found a sand-covered staircase.
  7998 | D:6      | Reached XP level 9. HP: 48/48 MP: 15/15
  8000 | Ossuary  | Entered an ossuary
  8119 | Ossuary  | Reached ** piety under Vehumet
  8121 | Ossuary  | Offered knowledge of Searing Ray by Vehumet.
  8127 | Ossuary  | Learned a level 4 spell: Flame Wave
  8362 | Ossuary  | Offered knowledge of Mephitic Cloud by Vehumet.
  8541 | D:6      | Reached *** piety under Vehumet
  9499 | D:7      | Found a shimmering altar of Xom.
  9500 | D:7      | Found a burning altar of Makhleb.
  9638 | D:7      | Offered knowledge of Ignite Poison by Vehumet.
  9919 | D:8      | Reached skill level 5 in Dodging
 10380 | D:8      | Reached **** piety under Vehumet
 10563 | D:8      | Noticed Erica
 10574 | D:8      | Killed from afar by Erica

Illustrated notes

Levels and vault maps discovered:
D:1:      dpeg_arrival_long_road, layout_basic, ebering_ecumenical_altar_mist,
          chequers_jeans
D:2:      layout_loops_ring, serial_bayou_lagoon_a
D:3:      layout_basic, mainiacjoe_overflow_boulevard,
          nicolae_gozag_seed_capital, minivault_14, uniq_jessica
D:4:      layout_loops_ring, minmay_temple_entry_tees
D:5:      gammafunk_wand_slinger, layout_gridville,
          lemuel_mausoleum_altar_yredelemnul, hangedman_decor_lopped,
          uniq_blork_the_orc
D:6:      kennysheep_six_static_rooms, layout_basic, nicolae_ashenzari_skybound,
          lemuel_tele_altar, enter_ossuary_4, feat_on_display
D:7:      layout_rooms, grunt_temple_overflow_champion_of_chaos
D:8:      layout_loops_ring, chequers_temple_overflow_minitemple, uniq_erica
Temple:   minmay_temple_curvy_loop

Skill      XL: |  1  2  3  4  5  6  7  8  9 |
---------------+----------------------------+-----
Dodging        | 2 3 4 5 |  5.2
Conjurations   | 2 3 4 5 6 |  6.6
Stealth        | 3 4 5 6 |  6.0
Spellcasting   | 3 4 |  4.4
Fire Magic     | 4 5 6 |  6.7
Fighting       | 1 4 |  4.1
Axes           | 1 3 |  3.3

Action                   |  1- 3 |  4- 6 |  7- 9 || total
-------------------------+-------+-------+-------++-------
Melee: Unarmed           |    17 |       |       ||    17
       Club              |   104 |   104 |     4 ||   212
       Punch             |       |     2 |     1 ||     3
       Broad axe         |       |       |   146 ||   146
 Cast: Foxfire           |    19 |    25 |       ||    44
       Scorch            |       |    29 |   160 ||   189
  Use: Scroll            |       |     1 |     6 ||     7
 Stab: Sleeping          |     3 |     2 |    14 ||    19
       Distracted        |       |     1 |       ||     1
Armor: Robe              |    35 |    70 |   120 ||   225
Dodge: Dodged            |    79 |   101 |   177 ||   357
